 Dungeon Crawl Stone Soup version 0.21.1-1-g345015f (webtiles) character file.

112 Lyco the Vexing (level 4, -22/34 HPs)
             Began as a Gnoll Arcane Marksman on July 13, 2018.
             Was an Initiate of Vehumet.
             Killed from afar by RottenKnight's ghost (26 damage)
             ... with an orb of energy
             ... on level 4 of the Dungeon.
             The game lasted 00:18:20 (3135 turns).

Lyco the Vexing (Gnoll Arcane Marksman)             Turns: 3135, Time: 00:18:21

Health: -22/34     AC:  7    Str: 12    XL:     4   Next: 95%
Magic:  8/8        EV: 13    Int: 16    God:    Vehumet [......]
Gold:   209        SH:  0    Dex: 16    Spells: 5/9 levels left

rFire    . . .     SeeInvis .   a - +0 hand crossbow
rCold    . . .     Gourm    .   (no shield)
rNeg     . . .     Faith    .   A - +0 ring mail
rPois    .         Spirit   .   (no helmet)
rElec    .         Reflect  .   (no cloak)
rCorr    .         Harm     .   s - +1 pair of gloves
MR       .....                  (no boots)
Stlth    +.........             (no amulet)
HPRegen  0.11/turn              (no ring)
MPRegen  0.11/turn              (no ring)

@: no status effects
A: distributed training, fangs 1, strong nose
a: Renounce Religion


You were on level 4 of the Dungeon.
You worshipped Vehumet.
Vehumet was noncommittal.
You were not hungry.

You visited 1 branch of the dungeon, and saw 4 of its levels.

You collected 209 gold pieces.

Inventory:

Hand Weapons
 a - a +0 hand crossbow (weapon)
 b - a +0 short sword
 i - a +0 whip
 l - a +0 mace
 r - a +0 spear
 u - a +0 hand axe
 H - a +0 spear
Missiles
 d - 71 bolts (quivered)
 g - 18 sling bullets
 k - 89 stones
 t - 14 poisoned needles
 K - 13 arrows
Armour
 e - a +0 robe
 h - a +0 leather armour
 j - a +0 scale mail
 n - a +0 leather armour
 o - a +0 leather armour
 q - a +0 buckler
 s - a +1 pair of gloves (worn)
 A - a +0 ring mail (worn)
 B - a +0 pair of gloves
Magical Staves
 D - an uncursed staff of conjuration
Wands
 F - a wand of flame (22)
 L - a wand of acid (11)
Scrolls
 m - a scroll of amnesia {unknown}
 v - 2 scrolls of remove curse {unknown}
 w - 3 scrolls of identify {unknown}
 y - a scroll of teleportation {unknown}
 E - a scroll of fear {unknown}
Potions
 p - a potion of flight {unknown}
 x - 2 potions of curing {unknown}
 z - a potion of cancellation {unknown}
 C - a potion of degeneration {unknown}
 G - a potion of agility {unknown}
 I - 2 potions of brilliance {unknown}
Books
 c - a book of Debilitation

   Spells                             Type                      Level
   a - Corona                         Hexes                        1
   b - Slow                           Hexes                        2
   c - Inner Flame                    Hexes/Fire                   3
   d - Portal Projectile              Hexes/Translocation          3
   e - Cause Fear                     Hexes                        4
   f - Leda's Liquefaction            Hexes/Earth                  4
Comestibles
 f - 6 rations
 J - 4 chunks of flesh


   Skills:
 + Level 2.8 Fighting
 + Level 1.2 Short Blades
 + Level 1.2 Long Blades
 + Level 1.2 Axes
 + Level 1.2 Maces & Flails
 + Level 1.2 Polearms
 + Level 1.2 Staves
 + Level 1.2 Slings
 + Level 1.2 Bows
 + Level 4.7 Crossbows
 + Level 1.2 Throwing
 + Level 1.2 Armour
 + Level 4.7 Dodging
 + Level 1.2 Stealth
 + Level 1.2 Shields
 + Level 1.2 Unarmed Combat
 + Level 3.0 Spellcasting
 + Level 1.0 Conjurations
 + Level 5.5 Hexes
 + Level 1.0 Charms
 + Level 1.0 Summonings
 + Level 1.0 Necromancy
 + Level 1.0 Translocations
 + Level 1.0 Transmutations
 + Level 1.0 Fire Magic
 + Level 1.0 Ice Magic
 + Level 1.0 Air Magic
 + Level 1.0 Earth Magic
 + Level 1.0 Poison Magic
 + Level 1.4 Invocations
 + Level 1.2 Evocations


You had 5 spell levels left.
You knew the following spells:

 Your Spells              Type           Power        Failure   Level  Hunger
a - Corona                Hex            ###....      4%          1    #......
b - Inner Flame           Hex/Fire       ##......     32%         3    ###....


Dungeon Overview and Level Annotations

Branches:
Dungeon (4/15)
 Temple: D:4-7

Altars:
Elyvilon
Vehumet
Xom

Annotations:
D:4 RottenKnight's ghost, amateur DrCj


Innate Abilities, Weirdness & Mutations

Your experience applies equally to all skills.
You have very sharp teeth.
Your uncanny sense of smell can sniff out nearby items.


Message History

Press: ? - help, Shift-Dir - straight line, f/p - RottenKnight's ghost
Aim: RottenKnight's ghost (lightly damaged)
You shoot a bolt. The bolt hits RottenKnight's ghost.
RottenKnight's ghost is moderately damaged.
The giant cockroach closely misses you.
RottenKnight's ghost gestures at you while chanting.
The orb of energy hits you!
The giant cockroach bites you but does no damage.
RottenKnight's ghost casts a spell at you.
The orb of energy hits you!
* * * LOW HITPOINT WARNING * * *
The orb of energy explodes!
The giant cockroach bites you but does no damage.
RottenKnight's ghost wails, "They lied to you.
The Dungeon just goes down and down forever."
The giant cockroach bites you but does no damage.
RottenKnight's ghost ripples.
RottenKnight's ghost gestures at you while chanting.
The orb of energy hits you!
Ouch! That really hurt!
You die...

#.......# #.##### #....####
#.....# ##....# #####.########
#...#.# #.#......## #.#.#.#
#.........## ###.#.#..
######.....[....# ....#.##.#
#..)............# #####.# ..
####.##............# ...##.#
#.##.W..@..#.......รท..#
##....###.##.#s#####..........#
...........# ##........##
.###..(#### ##........## #..#
#..........# ...# #..........#
#... ####..........# #..
###.............# .=.
#...##..........#


You could see RottenKnight's ghost and a giant cockroach.

Vanquished Creatures
  4 adders
  2 oozes
  A worm (D:2)
  2 dart slugs
  A leopard gecko (D:1)
  An orc (D:4)
  4 bats
  4 giant cockroaches
  9 goblins
  6 hobgoblins
  6 jackals
  2 frilled lizards
  3 kobolds
  14 rats
59 creatures vanquished.

Notes
Turn   | Place    | Note
-------+----------+-------------------------------------------
     0 | D:1      | Lyco the Gnoll Arcane Marksman began the quest for the Orb.
     0 | D:1      | Reached XP level 1. HP: 17/17 MP: 4/4
   289 | D:1      | Reached XP level 2. HP: 23/23 MP: 5/5
   623 | D:1      | Reached XP level 3. HP: 14/28 MP: 7/7
  1219 | D:2      | Reached skill level 1 in Invocations
  1522 | D:2      | Reached skill level 1 in Short Blades
  1522 | D:2      | Reached skill level 1 in Long Blades
  1522 | D:2      | Reached skill level 1 in Axes
  1522 | D:2      | Reached skill level 1 in Maces & Flails
  1522 | D:2      | Reached skill level 1 in Polearms
  1522 | D:2      | Reached skill level 1 in Staves
  1522 | D:2      | Reached skill level 1 in Slings
  1522 | D:2      | Reached skill level 1 in Bows
  1522 | D:2      | Reached skill level 1 in Throwing
  1522 | D:2      | Reached skill level 1 in Armour
  1522 | D:2      | Reached skill level 1 in Stealth
  1522 | D:2      | Reached skill level 1 in Shields
  1522 | D:2      | Reached skill level 1 in Unarmed Combat
  1522 | D:2      | Reached skill level 1 in Evocations
  1714 | D:3      | Reached XP level 4. HP: 33/34 MP: 8/8
  1953 | D:3      | Found a white marble altar of Elyvilon.
  1962 | D:3      | Found a shimmering altar of Xom.
  2308 | D:3      | Found a radiant altar of Vehumet.
  2344 | D:3      | Became a worshipper of Vehumet
  2458 | D:3      | Reached skill level 1 in Conjurations
  2458 | D:3      | Reached skill level 1 in Charms
  2458 | D:3      | Reached skill level 1 in Summonings
  2458 | D:3      | Reached skill level 1 in Necromancy
  2458 | D:3      | Reached skill level 1 in Translocations
  2458 | D:3      | Reached skill level 1 in Transmutations
  2458 | D:3      | Reached skill level 1 in Fire Magic
  2458 | D:3      | Reached skill level 1 in Ice Magic
  2458 | D:3      | Reached skill level 1 in Air Magic
  2458 | D:3      | Reached skill level 1 in Earth Magic
  2458 | D:3      | Reached skill level 1 in Poison Magic
  2586 | D:3      | Learned a level 3 spell: Inner Flame
  3124 | D:4      | Noticed RottenKnight's ghost (amateur DrCj)
  3135 | D:4      | Killed from afar by RottenKnight's ghost

Skill      XL: |  1  2  3  4 |
---------------+-------------+-----
Invocations    | 1 |  1.4
Short Blades   | 1 |  1.2
Long Blades    | 1 |  1.2
Axes           | 1 |  1.2
Maces & Flails | 1 |  1.2
Polearms       | 1 |  1.2
Staves         | 1 |  1.2
Slings         | 1 |  1.2
Bows           | 1 |  1.2
Throwing       | 1 |  1.2
Armour         | 1 |  1.2
Stealth        | 1 |  1.2
Shields        | 1 |  1.2
Unarmed Combat | 1 |  1.2
Evocations     | 1 |  1.2
Spellcasting   | 3 |  3.0
Conjurations   | 1 |  1.0
Charms         | 1 |  1.0
Summonings     | 1 |  1.0
Necromancy     | 1 |  1.0
Translocations | 1 |  1.0
Transmutations | 1 |  1.0
Fire Magic     | 1 |  1.0
Ice Magic      | 1 |  1.0
Air Magic      | 1 |  1.0
Earth Magic    | 1 |  1.0
Poison Magic   | 1 |  1.0
Fighting       | |  2.8
Crossbows      | |  4.7
Dodging        | |  4.7
Hexes          | |  5.5

Action                   |  1- 3 |  4- 6 || total
-------------------------+-------+-------++-------
Melee: Hand axe          |       |    10 ||    10
       Staff             |       |     7 ||     7
       Bite              |       |     3 ||     3
 Fire: Hand crossbow     |   103 |    59 ||   162
 Cast: Inner Flame       |       |     1 ||     1
  Eat: Chunk             |     2 |     3 ||     5
       Ration            |       |     1 ||     1
Armor: Robe              |     2 |       ||     2
       Leather armour    |     6 |       ||     6
       Ring mail         |     2 |    20 ||    22
Dodge: Dodged            |    51 |    38 ||    89
